 Dungeon Crawl Stone Soup version 0.30-a0-578-gdee14c521f (webtiles) character file.

Game seed: 5189987015979984421

1031 Shayle the Chiller (level 8, -2/56 (61) HPs)
             Began as a Demonspawn Ice Elementalist on Dec 31, 2022.
             Slain by a gnoll sergeant
             ... wielding a +2 trident of distortion
              (3 damage)
             ... on level 6 of the Dungeon on Jan 1, 2023.
             The game lasted 00:12:30 (4145 turns).

Shayle the Chiller (Demonspawn Ice Elementalist)    Turns: 4145, Time: 00:12:30

HP:   -2/56 (61)    AC: 11    Str:  8    XL:     8   Next: 3%
MP:   11/14         EV: 13    Int: 19    God:
Gold: 135           SH:  0    Dex: 14    Spells: 12/15 levels left

rFire   . . .      SeeInvis .    k - +0 dagger (speed)
rCold   . . .      Faith    .    (no shield)
rNeg    . . .      Spirit   .    a - +0 robe
rPois   .          Reflect  .    (no helmet)
rElec   .          Harm     .    n - +0 cloak
rCorr   .          Rampage  .    (no gloves)
Will    .....                    s - +2 pair of boots
Stlth   ++                       (no amulet)
HPRegen 0.29/turn                l - +4 ring of protection
MPRegen 0.14/turn                (no ring)

@: silenced, hasted, drained, very quick
A: rugged brown scales 1, foul stench 2, weakness stinger 1
a: no special abilities


You were on level 6 of the Dungeon.
You visited 2 branches of the dungeon, and saw 7 of its levels.

You collected 168 gold pieces.
You spent 33 gold pieces at shops.

Inventory:

Hand Weapons
 h - a +0 hand axe
 k - a +0 dagger of speed (weapon)
Missiles
 w - 5 curare-tipped darts (quivered)
Armour
 a - a +0 robe (worn)
 n - a +0 cloak (worn)
 s - a +2 pair of boots (worn)
Jewellery
 l - a +4 ring of protection (left hand)
Wands
 y - a wand of charming (7)
Scrolls
 d - a scroll of teleportation {unknown}
 f - a scroll of immolation {unknown}
 g - 3 scrolls of noise
 m - a scroll of blinking {unknown}
 p - a scroll of silence
 q - a scroll of brand weapon {unknown}
 v - 2 scrolls of summoning {unknown}
 A - a scroll of poison {unknown}
Potions
 b - 3 potions of magic
 c - 3 potions of curing
 e - 2 potions of berserk rage
 i - 2 potions of attraction
 j - 4 potions of flight
 o - 2 potions of haste
 r - a potion of cancellation
 t - 2 potions of might
 u - 2 potions of resistance
 x - 2 potions of brilliance
 z - a potion of heal wounds {unknown}


   Skills:
 + Level 3.9 Fighting
 + Level 4.1 Dodging
 + Level 4.3 Stealth
 + Level 4.1 Spellcasting
 + Level 0.5 Fire Magic
 + Level 5.2 Ice Magic


You had 12 spell levels left.
You knew the following spells:

 Your Spells              Type           Power      Damage    Failure   Level
a - Freeze                Ice            92%        1d9       1%          1
b - Scorch                Fire           10%        2d5       17%         2

Your spell library contained the following spells:

 Spells                   Type           Power      Damage    Failure   Level
 Frozen Ramparts          Ice            46%        1d7       4%          3
 Ozocubu's Armour         Ice            23%        N/A       4%          3
 Summon Ice Beast         Ice/Summ       13%        N/A       43%         4
 Sticky Flame             Conj/Fire      4%         2d3       77%         4


Dungeon Overview and Level Annotations

Branches:
Dungeon (6/15)             Temple (1/1) D:5

Altars:
Cheibriados
Dithmenos
Fedhas
Gozag
Kikubaaqudgha
Nemelex Xobeh
Okawaru
Sif Muna
Trog
Uskayaw
Xom
Yredelemnul

Shops:
D:2 !   D:4 =

Annotations:
D:4 Ijyb
Temple 2 transporters


Innate Abilities, Weirdness & Mutations

You are partially covered in rugged brown scales. (AC +1, +3% HP)
You sometimes emit foul miasma when damaged in melee.
You have a small tail.


Message History

The orc attacks as you move away! The orc hits you but does no damage.
The orc hits you but does no damage. The wight attacks as you move away!
The wight hits you with a +0 scimitar!
You feel drained.
You emit a cloud of foul miasma!
You hear some strange, mumbled words.
A magic dart appears from out of thin air!
The magic dart hits you.
* * * LOW HITPOINT WARNING * * *
The orc attacks as you move away! The orc barely misses you.
The gnoll barely misses you.
As you read the scroll labelled ANABAO FIDEIPN, it crumbles to dust.
A profound silence engulfs you.
It was a scroll of silence.
The orc barely misses you. The gnoll closely misses you.
The gnoll sergeant closely misses you. The wight hits you with a +0 scimitar.
* * * LOW HITPOINT WARNING * * *
You feel drained.
* * * LOW HITPOINT WARNING * * *
A wight comes into view.
It is wielding a +0 hand axe and carrying a wand of charming (2).
You feel better. The gnoll hits you but does no damage.
The gnoll sergeant hits you from afar with a +2 trident of distortion.
* * * LOW HITPOINT WARNING * * *
Space warps around you.
* * * LOW HITPOINT WARNING * * *
The wight hits you but does no damage.
Magic scrolls do not work when you're silenced!
Unknown command.
You feel yourself speed up. The orc hits you but does no damage.
Something hits you.
* * * LOW HITPOINT WARNING * * *
The gnoll closely misses you.
A gnoll comes into view. It is wielding a +0 halberd.
The gnoll sergeant misses you. The wight hits you with a +0 scimitar.
* * * LOW HITPOINT WARNING * * *
You feel drained.
* * * LOW HITPOINT WARNING * * *
Found a stone staircase leading down.
The orc hits you but does no damage.
The gnoll hits you from afar with a +0 spear.
* * * LOW HITPOINT WARNING * * *
The gnoll sergeant hits you from afar with a +2 trident of distortion.
You die...

#### . ###..## .......#
###.....# .......#
##.......## .......#
##......○..# ..#
#..###..........# ..#
#..##......g..z.##
..###........gggo....#
....g....g.g....@....#
......)..............#
######................#
# ..............z..#
#.........>)......#
#.................# .#
#................## ..
.......>......## #
[......


You could see a gnoll sergeant, 2 wights, 5 gnolls and an orc.

Vanquished Creatures
  Sigmund (D:2)
  2 ogres (D:5)
  2 black bears
  2 phantoms
  A scorpion (D:6)
  An orc priest (D:6)
  3 hounds
  An iguana (D:2)
  Terence (D:2)
  7 adders
  A shadow imp (D:6)
  A white imp (D:6)
  3 worms
  3 dart slugs
  5 orcs
  3 endoplasms (D:2)
  2 giant cockroaches
  6 goblins
  5 hobgoblins
  A jackal (D:4)
  7 kobolds
  A quokka (D:2)
  2 ball pythons (D:2)
  10 bats
  2 frilled lizards
  3 rats
76 creatures vanquished.

Vanquished Creatures (others)
  A plant (D:1)
1 creature vanquished.

Grand Total: 77 creatures vanquished

Notes
Turn   | Place    | Note
-------+----------+-------------------------------------------
     0 | D:1      | Shayle the Demonspawn Ice Elementalist began the quest for
                  | the Orb.
     0 | D:1      | Reached XP level 1. HP: 13/13 MP: 3/3
   403 | D:1      | Gained mutation: You may rarely emit foul miasma when
                  | damaged in melee. [demonic ancestry]
   403 | D:1      | Reached XP level 2. HP: 20/20 MP: 3/5
  1065 | D:2      | Noticed Sigmund
  1260 | D:2      | Killed Sigmund
  1261 | D:2      | Reached skill level 4 in Ice Magic
  1261 | D:2      | Gained mutation: You have a small tail. [demonic ancestry]
  1261 | D:2      | Reached XP level 3. HP: 15/27 MP: 0/7
  1261 | D:2      | Gained mutation: You are partially covered in rugged brown
                  | scales. (AC +1, +3% HP) [demonic ancestry]
  1261 | D:2      | Reached XP level 4. HP: 15/33 MP: 0/8
  1261 | D:2      | Reached XP level 5. HP: 18/39 MP: 0/9
  1488 | D:2      | Noticed Terence
  1503 | D:2      | Found a faded altar of an unknown god.
  1580 | D:2      | Found Mat Itto's Distillery.
  1590 | D:2      | Bought a potion of curing for 33 gold pieces
  1988 | D:2      | Killed Terence
  1989 | D:2      | Gained mutation: You sometimes emit foul miasma when
                  | damaged in melee. [demonic ancestry]
  1989 | D:2      | Reached XP level 6. HP: 39/46 MP: 5/10
  2266 | D:3      | Found a faded altar of an unknown god.
  2270 | D:3      | Found a sparkling altar of Nemelex Xobeh.
  2358 | D:3      | Found a shimmering blue altar of Sif Muna.
  2383 | D:3      | Got the Writings on the Harmful Summer
  2432 | D:3      | Identified the +1 ring mail "Toaquki" {rC++ Will- Str+3
                  | Dex-4}
  2849 | D:4      | Found Loogoni's Jewellery Boutique.
  3160 | D:4      | Noticed Ijyb
  3188 | D:5      | Entered Level 5 of the Dungeon
  3224 | D:5      | Reached XP level 7. HP: 37/53 MP: 12/12
  3285 | D:5      | Found a staircase to the Ecumenical Temple.
  3292 | Temple   | Entered the Ecumenical Temple
  3292 | Temple   | Found a transporter.
  3292 | Temple   | Found a transporter.
  3294 | Temple   | Found a transporter.
  3294 | Temple   | Found a transporter.
  3409 | D:5      | Reached skill level 5 in Ice Magic
  3866 | D:6      | Learned a level 2 spell: Scorch
  4104 | D:6      | Reached XP level 8. HP: 54/61 MP: 9/14
  4145 | D:6      | HP: 1/56 [gnoll/+0 spear[a gnoll sergeant] (3)]
  4145 | D:6      | Slain by a gnoll sergeant

Illustrated notes

Levels and vault maps discovered:
D:1:      denvon_arrival_planthouse, layout_basic
D:2:      layout_basic, hellmonk_ecumenical_altar_crossroads, serial_shops,
          shop, hex_tiny, uniq_terence, uniq_sigmund
D:3:      layout_rooms, mainiacjoe_overflow_small_starburst,
          nicolae_overflow_ecumenical_swirl
D:4:      layout_basic, minitemple, amethyst_overflow_temple_binary,
          serial_shops, shop, st_stairs_7, dk_noncrumbling_2, uniq_ijyb
D:5:      layout_cave_pools, mainiacjoe_overflow_24_doors,
          minmay_temple_entry_junction, kennysheep_small_circle
D:6:      layout_cave_pods, enter_ossuary_1, kennysheep_boxes
Temple:   hellmonk_temple_divided_pantheon

Skill      XL: |  1  2  3  4  5  6  7 |
---------------+----------------------+-----
Stealth        | 2 3 4 |  4.3
Dodging        | 2 3 4 |  4.1
Fighting       | 2 3 |  3.9
Ice Magic      | 4 5 |  5.2
Spellcasting   | 3 4 |  4.1
Fire Magic     | |  0.5

Action                   |  1- 3 |  4- 6 |  7- 9 || total
-------------------------+-------+-------+-------++-------
Melee: Unarmed           |     6 |       |       ||     6
       Dagger            |    34 |   123 |    16 ||   173
       Tailslap          |       |    13 |     4 ||    17
       Punch             |       |     1 |       ||     1
 Cast: Freeze            |    32 |    52 |    54 ||   138
  Use: Potion            |       |     1 |     2 ||     3
       Scroll            |       |     9 |     1 ||    10
 Stab: Sleeping          |       |     3 |       ||     3
Armor: Robe              |    10 |    51 |    39 ||   100
       Skin              |       |     4 |       ||     4
Dodge: Dodged            |    18 |    93 |    41 ||   152

Table legend: (Time is in decaauts)
 A = Elapsed time spent in this place.
 B = Non-inter-level travel time spent in this place.
 C = Inter-level travel time spent in this place.
 D = Time resting spent in this place.
 E = Time spent auto-exploring this place.
 F = Levels seen in this place.
 G = Mean time per level.
                   A        B        C        D        E       F      G
               +--------+--------+--------+--------+--------+-----+--------+
         Total |   4079 |   3981 |     98 |    303 |   2582 |   7 |  582.7 |
       Dungeon |   4045 |   3947 |     98 |    303 |   2582 |   6 |  674.2 |
        Temple |     33 |     33 |      0 |      0 |      0 |   1 |   33.0 |
               +--------+--------+--------+--------+--------+-----+--------+

Top non-repeatable levels by time:
     D:1: 1263 daAuts
     D:2: 907 daAuts
     D:5: 627 daAuts
     D:3: 547 daAuts
     D:4: 423 daAuts
     D:6: 277 daAuts
  Temple: 33 daAuts
